 Dungeon Crawl Stone Soup version 0.20.1-1-g8b1a95d66d (webtiles) character file.

1218 MrRokkomies the Fighter (level 8, -9/69 HPs)
             Began as a Barachi Gladiator on Feb 13, 2018.
             Was a Follower of Cheibriados.
             Mangled by an iguana (10 damage)
             ... on level 6 of the Dungeon.
             The game lasted 00:15:04 (4936 turns).

MrRokkomies the Fighter (Barachi Gladiator)         Turns: 4936, Time: 00:15:05

Health: -9/69      AC: 10    Str: 19    XL:     8   Next: 46%
Magic:  8/8        EV:  8    Int: 10    God:    Cheibriados [*.....]
Gold:   207        SH:  0    Dex: 15    Spells: 7/7 levels left

rFire    + . .     SeeInvis .   a - +1 trident
rCold    + . .     Gourm    +   (no shield)
rNeg     + . .     Faith    .   b - +0 chain mail {MR+}
rPois    +         Spirit   .   c - +1 helmet
rElec    +         Reflect  .   (no cloak)
rCorr    +         Harm     .   (no gloves)
MR       +....                  (no boots)
Stlth    ..........             y - amulet of the gourmand
Regen    0.3/turn               k - ring of positive energy
MPRegen  0.2/turn               (no ring)

@: lethally poisoned (-9 -> -9), resistant, very slow
A: +LOS, swims, clumsy 1, mutation resistance 1, slowness 1, strong legs 1
a: Hop, Bend Time, Renounce Religion


You were on level 6 of the Dungeon.
You worshipped Cheibriados.
Cheibriados was aware of your devotion.
You were not hungry.

You visited 1 branch of the dungeon, and saw 6 of its levels.
You also visited: Sewer.

You collected 207 gold pieces.

Inventory:

Hand Weapons
 a - a +1 trident (weapon)
 q - a +0 dagger of venom
 z - a +0 shortbow
Missiles
 e - 4 tomahawks of returning (quivered)
 A - 25 arrows
Armour
 b - a +0 chain mail of magic resistance (worn)
 c - a +1 helmet (worn)
 n - a +0 ring mail
Jewellery
 g - an uncursed amulet of magic regeneration
 k - a ring of positive energy (left hand)
 y - an amulet of the gourmand (around neck)
Wands
 m - a wand of confusion (8/48)
Scrolls
 i - 2 scrolls of immolation
 l - a scroll of remove curse
 u - a scroll of enchant armour
Potions
 d - a potion of magic
 p - a potion of berserk rage {unknown}
 r - 2 potions of agility
 t - a potion of heal wounds {unknown}
Comestibles
 f - 4 bread rations
 o - 3 fruits
 w - 2 meat rations
 x - a royal jelly


   Skills:
 - Level 8.4 Fighting
 * Level 7.7 Polearms
 - Level 2.0 Throwing
 - Level 3.2 Dodging
 * Level 1.0 Invocations


You had 7 spell levels left.
You didn't know any spells.

Dungeon Overview and Level Annotations

Branches:
Dungeon (6/15)
 Temple: D:4-7

Altars:
Cheibriados
Fedhas
Kikubaaqudgha

Shops:
D:4 !

Annotations:
D:5 Dowan, Duvessa


Innate Abilities, Weirdness & Mutations

Shadows flee at your approach. (+LOS)
You can swim through water.
You cover ground slowly.
You can hop short distances.
You are clumsy. (Dex -2)
You are somewhat resistant to further mutation.


Message History

The iguana bites you but does no damage.
You barely miss the iguana.
The iguana is moderately wounded.
You feel sick.
You hit the iguana.
The iguana is severely wounded.
The iguana bites you!
* * * LOW HITPOINT WARNING * * *
You hit the iguana but do no damage.
The iguana is severely wounded.
The iguana barely misses you.
It was a potion of mutation.
You feel extremely strange.
You feel genetically stable.
You feel clumsy. The iguana bites you.
* * * LOW HITPOINT WARNING * * *
Okay, then.
It was a potion of resistance.
You feel protected. The iguana bites you!
You die...

.. ......... ...
#....... ....
#...... #.....
#.... #...
########..
#.......l#
........@#
........†........
.................
.................
.................
.................
.................
.................
.................


You could see an iguana.

Vanquished Creatures
  A phantom (D:5)
  An ogre (D:4)
  2 centaurs (D:6)
  3 bullfrogs
  A scorpion (D:4)
  2 crimson imps (D:5)
  2 hounds
  Terence (D:2)
  An orc wizard (D:5)
  Ijyb (D:5)
  An iguana (D:5)
  3 worker ants
  A hound skeleton (D:6)
  12 adders
  4 gnolls (D:2)
  A river rat (D:3)
  9 oozes (Sewer)
  2 worms (D:3)
  2 dart slugs
  12 leopard geckos
  10 orcs
  13 giant cockroaches
  8 goblins
  7 hobgoblins
  3 jackals
  9 ball pythons
  13 bats
  11 frilled lizards
  A jackal skeleton (D:4)
  5 kobolds
  8 rats
150 creatures vanquished.

Notes
Turn   | Place    | Note
-------+----------+-------------------------------------------
     0 | D:1      | MrRokkomies the Barachi Gladiator began the quest for the Orb.
     0 | D:1      | Reached XP level 1. HP: 17/17 MP: 1/1
   225 | D:1      | Reached XP level 2. HP: 23/23 MP: 2/2
   227 | D:1      | Reached skill level 3 in Fighting
   367 | D:1      | Reached XP level 3. HP: 29/29 MP: 3/3
  1177 | D:2      | Reached XP level 4. HP: 2/37 MP: 4/4
  1177 | D:2      | Reached skill level 4 in Fighting
  1412 | D:2      | Noticed Terence
  1442 | D:2      | Killed Terence
  1442 | D:2      | Reached XP level 5. HP: 33/43 MP: 5/5
  2063 | D:3      | Found a glowing drain.
  2106 | Sewer    | Entered a sewer
  2182 | Sewer    | Reached skill level 5 in Fighting
  2466 | Sewer    | Reached skill level 5 in Polearms
  2539 | Sewer    | Reached XP level 6. HP: 41/51 MP: 6/6
  2845 | Sewer    | Reached skill level 6 in Fighting
  3213 | D:3      | Found an ancient bone altar of Kikubaaqudgha.
  3213 | D:3      | Found a blossoming altar of Fedhas.
  3307 | D:4      | Reached XP level 7. HP: 56/58 MP: 7/7
  3361 | D:4      | Found Cesmek's Distillery.
  3739 | D:5      | Entered Level 5 of the Dungeon
  3739 | D:5      | Found a snail-covered altar of Cheibriados.
  3743 | D:5      | Became a worshipper of Cheibriados the Contemplative
  3791 | D:5      | Reached skill level 7 in Fighting
  4281 | D:5      | Noticed Ijyb
  4294 | D:5      | Killed Ijyb
  4294 | D:5      | Reached * piety under Cheibriados
  4319 | D:5      | Reached XP level 8. HP: 67/68 MP: 8/8
  4461 | D:5      | Noticed Duvessa
  4462 | D:5      | Noticed Dowan
  4520 | D:6      | Reached skill level 8 in Fighting
  4926 | D:6      | Reached skill level 1 in Invocations
  4935 | D:6      | Gained mutation: You are somewhat resistant to further mutation. [potion of mutation]
  4935 | D:6      | Gained mutation: You are clumsy. (Dex -2) [potion of mutation]
  4935 | D:6      | HP: 1/69 [iguana (5)]
  4936 | D:6      | Mangled by an iguana

Skill      XL: |  1  2  3  4  5  6  7  8 |
---------------+-------------------------+-----
Fighting       | 3 4 5 6 7 8 |  8.4
Polearms       | 4 5 7 |  7.7
Invocations    | 1 |  1.0
Throwing       | |  2.0
Dodging        | |  3.2

Action                   |  1- 3 |  4- 6 |  7- 9 || total
-------------------------+-------+-------+-------++-------
Melee: Trident           |   107 |   334 |   220 ||   661
Throw: Throwing net      |       |     2 |     1 ||     3
       Tomahawk          |       |       |    15 ||    15
Evoke: Wand              |       |     3 |       ||     3
  Use: Scroll            |     6 |     3 |     2 ||    11
       Potion            |     3 |     1 |     3 ||     7
 Stab: Held in net/web   |       |     1 |     1 ||     2
  Eat: Chunk             |     1 |     8 |     5 ||    14
Armor: Leather armour    |    19 |       |       ||    19
       Ring mail         |    13 |     4 |       ||    17
       Chain mail        |       |   213 |   101 ||   314
Dodge: Dodged            |    51 |   162 |   106 ||   319
